 Dungeon Crawl Stone Soup version 0.27-a0-13-g87abb2d9eb (webtiles) character file.

Game seed: 8864618710246299898

5254 Dirian the Grappler (level 10, -2/107 HPs)
             Began as a Troll Monk on Jan 2, 2021.
             Was a High Priest of Zin.
             Killed from afar by an electric eel (13 damage)
             ... with a bolt of electricity
             ... on level 10 of the Dungeon.
             The game lasted 00:16:04 (7244 turns).

Dirian the Grappler (Troll Monk)                    Turns: 7244, Time: 00:16:04

Health: -2/107     AC:  6    Str: 22    XL:     10   Next: 36%
Magic:  12/12      EV: 11    Int:  7    God:    Zin [*****.]
Gold:   489        SH:  9    Dex: 16    Spells: 9/9 levels left

rFire    . . .     SeeInvis +     - Unarmed
rCold    . . .     Faith    .   c - +0 kite shield
rNeg     . . .     Spirit   .   a - +0 robe
rPois    ∞         Reflect  .   (helmet restricted)
rElec    .         Harm     .   (no cloak)
rCorr    .         Rampage  .   (gloves unavailable)
Will     .....                  (boots unavailable)
Stlth    ++........             A - amulet of Vitality {Regen+ HP+15}
HPRegen  1.07/turn              k - ring of see invisible
MPRegen  0.13/turn              j - ring of poison resistance

@: vitalised
A: large, unfitting armour, claws 3, regeneration 1, shaggy fur 1, tough skin 3
a: Renounce Religion, Recite, Vitalisation, Imprison, Sanctuary, Donate Gold


You were on level 10 of the Dungeon.
You worshipped Zin.
Zin was extremely pleased with you.
You visited 2 branches of the dungeon, and saw 11 of its levels.

You collected 698 gold pieces.
You spent 140 gold pieces at shops.
You donated 69 gold pieces to Zin.

Inventory:

Missiles
 o - a throwing net (quivered)
Armour
 a - a +0 robe (worn)
 c - a +0 kite shield (worn)
 u - a cursed +1 tower shield
Jewellery
 g - an uncursed amulet of reflection
 j - a ring of poison resistance (right claw)
 k - a ring of see invisible (left claw)
 m - an uncursed ring of protection from fire
 A - the amulet of Vitality (around neck) {Regen+ HP+15}
   (You found it on level 8 of the Dungeon)

   [amulet of regeneration]

   It affects your health (+15).
   It increases your rate of regeneration.
Wands
 e - a wand of disintegration (35)
Scrolls
 d - 4 scrolls of magic mapping
 i - a scroll of enchant armour
 s - a scroll of silence
 t - 6 scrolls of teleportation
 x - 5 scrolls of remove curse
 z - 2 scrolls of blinking
Potions
 b - 7 potions of flight
 f - 2 potions of magic
 h - a potion of haste
 n - a potion of resistance
 p - 3 potions of attraction
 q - 4 potions of curing
 v - a potion of might {unknown}
 w - a potion of heal wounds
 B - a potion of invisibility {unknown}
 D - a potion of berserk rage {unknown}


   Skills:
 + Level 3.8 Fighting
 + Level 5.2 Dodging
 - Level 1.0 Stealth
 + Level 3.8 Shields
 + Level 11.9 Unarmed Combat
 * Level 5.0 Invocations


You had 9 spell levels left.
You didn't know any spells.
Your spell library contained the following spells:

 Spells                   Type           Power        Failure   Level
 Sandblast                Erth           0%           82%         1
 Passwall                 Tmut/Erth      0%           91%         2
 Stone Arrow              Conj/Erth      0%           99%         3
 Petrify                  Tmut/Erth      0%           100%        4
 Lee's Rapid Deconstruct  Erth           0%           100%        5


Dungeon Overview and Level Annotations

Branches:
Dungeon (10/15)            Temple (1/1) D:5            Lair (0/6) D:8
    Orc: D:9-12

Altars:
Ashenzari
Cheibriados
Dithmenos
Elyvilon
Fedhas
Gozag
Hepliaklqana
Kikubaaqudgha
Makhleb
Nemelex Xobeh
Okawaru
Qazlal
Ru
Sif Muna
Trog
Uskayaw
Vehumet
Wu Jian
Xom
Yredelemnul
Zin
The Shining One

Shops:
D:9 !


Innate Abilities, Weirdness & Mutations

You are too large for most types of armour.
You have claws for hands.
Your natural rate of healing is unusually fast.
You are covered in fur. (AC +1)
You have extremely tough skin. (AC +3)


Message History

* * * LOW HITPOINT WARNING * * *
You miss the electric eel.
The electric eel is moderately wounded.
You miss the electric eel.
The electric eel is moderately wounded.
The electric eel shoots out a bolt of lightning at you!
The bolt of electricity hits the electric eel.
The electric eel completely resists.
The bolt of electricity hits you!
* * * LOW HITPOINT WARNING * * *
An electric eel comes into view.
You scratch the electric eel.
The electric eel is severely wounded.
You barely miss the electric eel.
The electric eel is severely wounded.
The electric eel shoots out a bolt of lightning at you!
The bolt of electricity hits the electric eel.
The electric eel completely resists.
The bolt of electricity hits the electric eel.
The electric eel completely resists.
The bolt of electricity hits you!
You die...

≈≈≈≈≈≈ ≈≈≈≈≈ ♣≈
≈≈≈≈ ♣≈≈≈≈≈ ≈;≈
♣P≈♣≈≈ ≈≈♣ ≈ ♣
♣≈≈♣≈ ;≈♣≈♣≈♣
#..≈♣♣♣♣;♣♣≈...
#......@....#
#...........#
#...........#
#..........##
######'#####
#...†.# #.#####
##'#####
#######
#......#


You could see 3 electric eels.

Vanquished Creatures
  A two-headed ogre (D:9)
  A komodo dragon (D:8)
  Grinder (D:3)
  6 yaks (D:9)
  A water moccasin (D:5)
  A phantom (D:9)
  4 orc warriors
  An ice beast (D:7)
  2 sky beasts
  An eye of draining (D:9)
  An ogre (D:9)
  3 centaurs
  9 bullfrogs
  Blork the orc (D:6)
  A big kobold (D:9)
  A gnoll sergeant (D:6)
  2 scorpions
  A wight (D:5)
  2 electric eels (D:10)
  2 howler monkeys (D:4)
  A bullfrog zombie (D:10)
  A centaur zombie (D:5)
  A quasit (D:9)
  A jelly (D:8)
  6 orc priests
  3 hounds
  3 orc wizards
  Terence (D:3)
  2 iguanas
  8 worker ants
  A howler monkey zombie (D:7)
  2 worker ant zombies
  4 adders
  2 shadow imps
  2 white imps (D:9)
  2 ufetubi
  2 oozes (D:2)
  2 adder skeletons
  3 dart slugs
  10 leopard geckos
  20 orcs
  10 bats
  7 giant cockroaches
  10 hobgoblins
  6 jackals
  3 quokkas
  A ball python (D:4)
  8 frilled lizards
  8 goblins
  10 kobolds
  A quokka skeleton (D:5)
  12 rats
195 creatures vanquished.

Vanquished Creatures (others)
  6 plants
6 creatures vanquished.

Grand Total: 201 creatures vanquished

Notes
Turn   | Place    | Note
-------+----------+-------------------------------------------
     0 | D:1      | Dirian the Troll Monk began the quest for the Orb.
     0 | D:1      | Reached XP level 1. HP: 22/22 MP: 0/0
   224 | D:1      | Reached XP level 2. HP: 29/29 MP: 1/1
   784 | D:2      | Reached XP level 3. HP: 36/36 MP: 2/2
   833 | D:2      | Found a faded altar of an unknown god.
  1383 | D:2      | Became a worshipper of Elyvilon the Healer
  1383 | D:2      | Reached * piety under Elyvilon
  1383 | D:2      | Reached ** piety under Elyvilon
  1462 | D:3      | Reached skill level 4 in Unarmed Combat
  1468 | D:3      | Reached XP level 4. HP: 43/44 MP: 3/3
  1547 | D:3      | Found a radiant altar of Vehumet.
  1582 | D:3      | Reached *** piety under Elyvilon
  1714 | D:3      | Noticed Grinder
  1733 | D:3      | Killed Grinder
  1734 | D:3      | Reached skill level 5 in Unarmed Combat
  1734 | D:3      | Reached XP level 5. HP: 16/52 MP: 2/4
  1734 | D:3      | Reached XP level 6. HP: 19/59 MP: 2/5
  1847 | D:3      | Noticed Terence
  1854 | D:3      | Killed Terence
  1855 | D:3      | Reached skill level 6 in Unarmed Combat
  1877 | D:3      | Found a shadowy altar of Dithmenos.
  2085 | D:4      | Found an opulent altar of Gozag.
  2102 | D:4      | Found a white marble altar of Elyvilon.
  2189 | D:4      | Reached **** piety under Elyvilon
  2364 | D:4      | Found an iron altar of Okawaru.
  2522 | D:5      | Entered Level 5 of the Dungeon
  2567 | D:5      | Noticed a water moccasin
  2573 | D:5      | Killed a water moccasin
  2574 | D:5      | Reached skill level 7 in Unarmed Combat
  2574 | D:5      | Reached XP level 7. HP: 52/67 MP: 6/6
  3061 | D:5      | Reached skill level 8 in Unarmed Combat
  3072 | D:5      | Found a staircase to the Ecumenical Temple.
  3573 | Temple   | Entered the Ecumenical Temple
  3808 | Temple   | Fell from the grace of Elyvilon
  3808 | Temple   | Became a worshipper of Zin the Law-Giver
  3808 | Temple   | Reached * piety under Zin
  3808 | Temple   | Reached ** piety under Zin
  3808 | Temple   | Reached *** piety under Zin
  3838 | D:6      | Reached XP level 8. HP: 73/75 MP: 7/7
  3894 | D:6      | Noticed Blork the orc
  3901 | D:6      | Reached skill level 1 in Shields
  3911 | D:6      | Killed Blork the orc
  3912 | D:6      | Reached skill level 1 in Invocations
  4080 | D:6      | Reached skill level 9 in Unarmed Combat
  4269 | D:6      | Reached **** piety under Zin
  4902 | D:6      | Reached XP level 9. HP: 81/83 MP: 10/10
  4980 | D:7      | Reached skill level 10 in Unarmed Combat
  5061 | D:7      | Found a glowing golden altar of the Shining One.
  5581 | D:8      | Found a staircase to the Lair.
  5582 | D:8      | Noticed a komodo dragon
  5600 | D:8      | Killed a komodo dragon
  5935 | D:8      | Found the amulet of Vitality {Regen+ HP+15}
  6007 | D:8      | Found an ornate altar of the Wu Jian Council.
  6203 | D:9      | Found Zofadudy's Distillery.
  6210 | D:9      | Reached ***** piety under Zin
  6214 | D:9      | Bought a potion of haste for 140 gold pieces
  6486 | D:9      | Found a shimmering blue altar of Sif Muna.
  6488 | D:9      | Noticed a two-headed ogre
  6496 | D:9      | Killed a two-headed ogre
  6497 | D:9      | Reached skill level 11 in Unarmed Combat
  6497 | D:9      | Reached XP level 10. HP: 37/92 MP: 12/12
  6616 | D:9      | Reached skill level 5 in Dodging
  7148 | D:10     | Entered Level 10 of the Dungeon
  7201 | D:10     | Reached skill level 5 in Invocations
  7244 | D:10     | Killed from afar by an electric eel

Illustrated notes

Levels and vault maps discovered:
D:1:      eino_arrival_tree_alley, layout_basic, minmay_misc_feat_tiny,
          minivault_27
D:2:      layout_loops_cross, chequers_ecumenical_altar_simple_redux
D:3:      layout_basic, lemuel_coloured_pillars_altar, vehumet_crystals,
          minmay_misc_feat_five, uniq_terence, uniq_grinder
D:4:      layout_basic, elyvilon_altar_3, general_overflow_altar,
          grunt_gozag_statues
D:5:      layout_loops_ring, minmay_temple_entry_large_hall, minmay_starry_boxes
D:6:      layout_cave_pods, sword_in_stone
D:7:      layout_rooms, nicolae_overflow_hidden_temple
D:8:      layout_loops_ring, nzn_wu_jian_contemplation, david_lair_shrubbed
D:9:      layout_long_grid, old_standard_altar, serial_shops, shop
D:10:     layout_roguey, orc_0_dummy, basic_altar, serial_bayou_lake_a
Temple:   minmay_temple_curvy_branch

Skill      XL: |  1  2  3  4  5  6  7  8  9 10 |
---------------+-------------------------------+-----
Unarmed Combat | 4 5 7 8 9 11 | 11.9
Dodging        | 3 4 5 |  5.2
Fighting       | 3 |  3.8
Shields        | 2 3 |  3.8
Invocations    | 2 4 5 |  5.0
Stealth        | |  1.0

Action                   |  1- 3 |  4- 6 |  7- 9 | 10-12 || total
-------------------------+-------+-------+-------+-------++-------
Melee: Unarmed           |   111 |    86 |   278 |    80 ||   555
       Punch             |       |     5 |     1 |       ||     6
Invok: Lesser Healing    |       |     1 |       |       ||     1
       Recite            |       |       |     4 |       ||     4
       Vitalisation      |       |       |     1 |     2 ||     3
  Use: Scroll            |       |    12 |     9 |     3 ||    24
 Stab: Sleeping          |     8 |     2 |     2 |       ||    12
       Confused          |       |       |     2 |       ||     2
Armor: Robe              |    43 |    25 |    42 |    18 ||   128
Dodge: Dodged            |    53 |    52 |    65 |    28 ||   198
Block: Other             |       |     2 |    15 |       ||    17
       Kite shield       |       |       |    67 |    37 ||   104
       Reflection        |       |       |     6 |       ||     6

Table legend: (Time is in decaauts)
 A = Elapsed time spent in this place.
 B = Non-inter-level travel time spent in this place.
 C = Inter-level travel time spent in this place.
 D = Time resting spent in this place.
 E = Time spent auto-exploring this place.
 F = Levels seen in this place.
 G = Mean time per level.
                   A        B        C        D        E       F      G
               +--------+--------+--------+--------+--------+-----+--------+
         Total |   7176 |   6900 |    276 |    227 |   5407 |  11 |  652.4 |
       Dungeon |   6933 |   6657 |    276 |    227 |   5184 |  10 |  693.3 |
        Temple |    243 |    243 |      0 |      0 |    223 |   1 |  243.0 |
               +--------+--------+--------+--------+--------+-----+--------+

Top non-repeatable levels by time:
     D:5: 1298 daAuts
     D:9: 972 daAuts
     D:6: 877 daAuts
     D:1: 766 daAuts
     D:8: 741 daAuts
     D:2: 630 daAuts
     D:4: 595 daAuts
     D:3: 512 daAuts
     D:7: 446 daAuts
  Temple: 243 daAuts
    D:10: 91 daAuts
